 Dungeon Crawl Stone Soup version 0.19.0-2-gae57169 (webtiles) character file.

4179 MovingMist the Blocker (level 10, -2/52 HPs)
             Began as a Gargoyle Fighter on Nov 5, 2016.
             Was a Follower of Hepliaklqana.
             Slain by a spiny frog (14 damage)
             ... on level 1 of the Lair of Beasts.
             The game lasted 00:25:03 (7873 turns).

MovingMist the Blocker (Gargoyle Fighter)           Turns: 7873, Time: 00:25:04

Health: -2/52      AC: 19    Str: 26    XL:     10   Next: 28%
Magic:  19/19      EV:  9    Int:  8    God:    Hepliaklqana [*.....]
Gold:   494        SH: 12    Dex: 11    Spells: 0 memorised, 9 levels left

rFire  . . .     SeeInvis .     J - +3 long sword "Eviscerator" {vamp, Str+4}
rCold  . . .     Gourm    .     v - +0 chain mail
rNeg   + . .     Faith    .     c - +0 shield
rPois  ∞         Spirit   .     (no helmet)
rElec  +         Reflect  .     w - +0 cloak
rCorr  .         Harm     +     h - +0 pair of gloves
MR     .....                    I - +0 pair of boots
Stlth  ..........               X - amulet of harm
                                (no ring)
                                S - ring of magical power

@: no status effects
A: reduced essence, negative energy resistance 1, electricity resistance,
unbreathing, petrification resistance, rot immunity, AC +7
a: Recall Ancestor, Ancestor Identity, Renounce Religion


You were on level 1 of the Lair of Beasts.
You worshipped Hepliaklqana.
Hepliaklqana was aware of your devotion.
You were hungry.

You visited 3 branches of the dungeon, and saw 11 of its levels.

You collected 621 gold pieces.
You spent 127 gold pieces at shops.

Inventory:

Hand Weapons
 a - a +0 flail
 J - the +3 long sword "Eviscerator" (weapon) {vamp, Str+4}
   (You found it on level 5 of the Dungeon)

   It inflicts no extra harm, but heals its wielder when it wounds a living foe.
   It affects your strength (+4).
Missiles
 j - 23 tomahawks (quivered)
Armour
 c - a +0 shield (worn)
 h - a +0 pair of gloves (worn)
 v - a +0 chain mail (worn)
 w - a +0 cloak (worn)
 I - a +0 pair of boots (worn)
Jewellery
 S - a ring of magical power (left hand)
 X - an amulet of harm (around neck)
Wands
 p - a wand of digging (21/24)
 t - a wand of lightning (5/15)
 x - a wand of flame (27/48)
 F - a wand of digging (14/24)
 L - a wand of iceblast (5/15)
 P - a wand of acid (8/15)
 U - a wand of polymorph (12/24)
 Y - a wand of lightning (4/15)
Scrolls
 g - 3 scrolls of magic mapping
 i - 6 scrolls of fog
 k - 3 scrolls of recharging
 l - 9 scrolls of teleportation
 q - a scroll of identify
 r - a scroll of noise {unknown}
 y - 5 scrolls of remove curse
 z - 3 scrolls of enchant armour {unknown}
 B - 5 scrolls of immolation {unknown}
 D - 3 scrolls of enchant weapon {unknown}
 Q - 3 scrolls of amnesia
 Z - a scroll of acquirement {unknown}
Potions
 b - 2 potions of lignification
 d - 4 potions of might
 e - 2 potions of heal wounds
 m - 3 potions of agility
 n - 4 potions of flight
 o - 2 potions of degeneration {unknown}
 s - a potion of brilliance {unknown}
 C - 2 potions of mutation {unknown}
 E - 2 potions of beneficial mutation {unknown}
 H - 3 potions of curing
 K - 2 potions of haste {unknown}
 O - a potion of invisibility {unknown}
Books
 R - a book of Power

   Spells                             Type                      Level
   a - Fulminant Prism                Conjuration/Hexes            4
   b - Iskenderun's Mystic Blast      Conjuration                  4
   c - Venom Bolt                     Conjuration/Poison           5
   d - Bolt of Magma                  Conjuration/Fire/Earth       5
   e - Iron Shot                      Conjuration/Earth            6
   f - Orb of Destruction             Conjuration                  7
   g - Spellforged Servitor           Conjuration/Summoning        7
Comestibles
 f - 7 bread rations
 u - 2 beef jerkies
 A - 5 meat rations
 G - 2 slices of pizza
 M - 3 fruits
 W - 11 royal jellies


   Skills:
 - Level 4.6 Fighting
 * Level 7.8 Long Blades
 - Level 5.8 Maces & Flails
 - Level 3.2 Armour
 + Level 5.8 Dodging
 + Level 8.4 Shields


You had 9 spell levels left.
You didn't know any spells.

Dungeon Overview and Level Annotations

Branches:
Dungeon (9/15)             Temple (1/1) D:6            Lair (1/6) D:9
    Orc: D:9-12

Altars:
Ashenzari
Cheibriados
Dithmenos
Elyvilon
Fedhas
Gozag
Hepliaklqana
Kikubaaqudgha
Makhleb
Nemelex Xobeh
Okawaru
Qazlal
Ru
Sif Muna
Trog
Uskayaw
Vehumet
Xom
Yredelemnul
Zin
The Shining One

Shops:
D:4 ?   D:9 *


Innate Abilities, Weirdness & Mutations

You are resistant to torment.
Your stone body is resilient. (AC +7)
You are immune to poison.
You resist negative energy. (rN+)
You are resistant to electric shocks. (rElec)
You can survive without breathing.
You are immune to petrification.
You are immune to rotting.
Your life essence is reduced. (-10% HP)


Message History

The hippogriff is moderately wounded.
The spiny frog closely misses you.
You riposte.
You closely miss the spiny frog.
The spiny frog is severely wounded.
The hippogriff bites you. The hippogriff closely misses you.
The hippogriff claws you but does no damage.
You slash the hippogriff!
You feel better.
The hippogriff is severely wounded.
The spiny frog stings you! You block the hippogriff's attack.
The hippogriff pecks you but does no damage.
The hippogriff claws you but does no damage.
The spiny frog stings you!
* * * LOW HITPOINT WARNING * * *
You slash the hippogriff!
You kill the hippogriff!
You block the spiny frog's attack.
Your chain mail prevents you from hitting the spiny frog.
The spiny frog is severely wounded.
The spiny frog stings you!
You die...

## ######.##
#P......#.
##.........
#.......... #.
#..........
#P.#..........
#..>.<.......
##...@†......
#....F......
#...........
#............
#............
##...........
##.".......#
##......###


You could see a spiny frog.

Vanquished Creatures
  The ghost of lorenzova the Thaumaturge, a novice DECj (D:5)
  A two-headed ogre (D:9)
  4 hippogriffs
  Menkaure (D:6)
  Duvessa (D:6)
  A sky beast (D:6)
  A black bear (D:8)
  An ice beast (D:5)
  3 orc warriors
  A phantom (D:4)
  3 ogres
  A big kobold (D:7)
  3 bullfrogs
  Dowan (D:6)
  2 electric eels (D:9)
  4 howler monkeys (D:9)
  2 crimson imps
  A quasit (D:6)
  A hound (D:6)
  3 jellies
  2 orc priests
  6 orc wizards
  Jessica (D:2)
  Terence (D:3)
  An iguana (D:5)
  5 worker ants
  A hound zombie (D:8)
  A hound skeleton (D:7)
  3 gnolls (D:4)
  11 adders
  2 shadow imps
  4 oozes
  An adder skeleton (D:8)
  A worm (D:3)
  A dart slug (D:5)
  3 leopard geckos
  30 orcs
  6 bats
  8 giant cockroaches
  7 goblins
  3 hobgoblins
  6 jackals
  7 kobolds
  2 quokkas
  2 ball pythons
  3 frilled lizards
  A leopard gecko skeleton (D:4)
  6 rats
  A bush (D:9)
162 creatures vanquished.

Vanquished Creatures (collateral kills)
  Psyche (D:8)
  A bullfrog (D:8)
  A hound (D:7)
  A jelly (D:8)
  4 adders (D:8)
  A river rat (D:9)
  2 oozes (D:8)
  2 orcs (D:9)
  A jackal (D:9)
  A quokka (D:8)
  2 bats (D:9)
  A kobold (D:7)
  A bush (D:9)
19 creatures vanquished.

Vanquished Creatures (others)
  2 ancestors
  An orc (D:9)
  A fungus (D:9)
4 creatures vanquished.

Grand Total: 185 creatures vanquished

Notes
Turn   | Place    | Note
-------+----------+-------------------------------------------
     0 | D:1      | MovingMist the Gargoyle Fighter began the quest for the Orb.
     0 | D:1      | Reached XP level 1. HP: 14/14 MP: 1/1
   316 | D:1      | Reached XP level 2. HP: 18/19 MP: 2/2
  1093 | D:2      | Reached skill level 1 in Dodging
  1093 | D:2      | Reached XP level 3. HP: 15/23 MP: 3/3
  1594 | D:2      | Noticed Jessica
  1602 | D:2      | Killed Jessica
  1602 | D:2      | Reached XP level 4. HP: 20/29 MP: 4/4
  1928 | D:3      | Noticed Terence
  1948 | D:3      | Killed Terence
  1948 | D:3      | Reached XP level 5. HP: 32/33 MP: 5/5
  1979 | D:3      | Found an opulent altar of Gozag.
  1979 | D:3      | Found a glowing silver altar of Zin.
  2213 | D:3      | Found a shadowy altar of Dithmenos.
  2299 | D:3      | Found an ancient bone altar of Kikubaaqudgha.
  2708 | D:4      | Reached skill level 4 in Shields
  2831 | D:4      | Found Juticac's Magic Scroll Boutique.
  2878 | D:4      | Bought a scroll of identify for 26 gold pieces
  2878 | D:4      | Bought a scroll of identify for 26 gold pieces
  3307 | D:4      | Noticed a phantom
  3314 | D:4      | Reached XP level 6. HP: 28/39 MP: 6/6
  3373 | D:4      | Killed a phantom
  3605 | D:5      | Entered Level 5 of the Dungeon
  3763 | D:5      | Noticed lorenzova's ghost (novice DECj)
  3773 | D:5      | Killed lorenzova's ghost
  3773 | D:5      | Reached skill level 5 in Maces & Flails
  3773 | D:5      | Reached XP level 7. HP: 42/44 MP: 7/7
  3929 | D:5      | Found a bloodstained altar of Trog.
  3957 | D:5      | Got a fine long sword
  4010 | D:5      | Reached skill level 5 in Shields
  4020 | D:5      | Identified the +3 long sword "Eviscerator" {vamp, Str+4} (You found it on level 5 of the Dungeon)
  4040 | D:5      | Found a hide-covered altar of Uskayaw.
  4042 | D:5      | Noticed a dagger
  4043 | D:5      | Noticed a dagger
  4196 | D:5      | Reached skill level 1 in Long Blades
  4350 | D:6      | Noticed Menkaure
  4372 | D:6      | Killed Menkaure
  4372 | D:6      | Reached XP level 8. HP: 32/48 MP: 8/8
  4718 | D:6      | Found a staircase to the Ecumenical Temple.
  4751 | Temple   | Entered the Ecumenical Temple
  4816 | Temple   | Became a worshipper of Hepliaklqana the Forgotten
  4939 | D:6      | Noticed Dowan
  4940 | D:6      | Noticed Duvessa
  4959 | D:6      | Killed Duvessa
  4966 | D:6      | Killed Dowan
  5178 | D:7      | Reached skill level 6 in Shields
  5184 | D:7      | Found a white marble altar of Elyvilon.
  5692 | D:8      | Noticed Psyche
  5708 | D:8      | Paralysed by Psyche for 6 turns
  5723 | D:8      | Killed Psyche
  5723 | D:8      | Reached skill level 5 in Long Blades
  5723 | D:8      | Reached XP level 9. HP: 46/46 MP: 7/9
  5770 | D:8      | Reached * piety under Hepliaklqana
  5828 | D:8      | Reached skill level 7 in Shields
  5861 | D:8      | Got a fine leather armour
  5879 | D:8      | Identified the cursed +1 leather armour "Docouwas" {+Inv SInv} (You found it on level 8 of the Dungeon)
  5992 | D:8      | Found a glowing golden altar of the Shining One.
  6023 | D:8      | Found a snail-covered altar of Cheibriados.
  6227 | D:8      | Found a stormy altar of Qazlal.
  6369 | D:8      | Found a shattered altar of Ashenzari.
  6467 | D:8      | Reached skill level 5 in Dodging
  6775 | D:9      | Noticed a two-headed ogre
  6785 | D:9      | Killed a two-headed ogre
  6805 | D:9      | Found a staircase to the Lair.
  6836 | D:9      | Reached skill level 8 in Shields
  6836 | D:9      | Reached XP level 10. HP: 50/52 MP: 10/10
  6846 | D:9      | Found a sacrificial altar of Ru.
  6884 | D:9      | Found an iron altar of Okawaru.
  7535 | D:9      | Found Hottiag's Humungous Hoard.
  7547 | D:9      | Bought a potion of heal wounds for 75 gold pieces
  7859 | Lair:1   | Entered Level 1 of the Lair of Beasts
  7859 | Lair:1   | Noticed a spiny frog
  7873 | Lair:1   | Slain by a spiny frog

Skill      XL: |  1  2  3  4  5  6  7  8  9 |
---------------+----------------------------+-----
Dodging        | 1 2 3 4 5 |  5.8
Maces & Flails | 3 4 5 |  5.8
Fighting       | 4 |  4.6
Shields        | 4 5 6 8 |  8.4
Long Blades    | 2 5 7 |  7.8
Armour         | |  3.2

Action                   |  1- 3 |  4- 6 |  7- 9 | 10-12 || total
-------------------------+-------+-------+-------+-------++-------
Melee: Flail             |   105 |   241 |    29 |       ||   375
       Long sword        |       |       |   303 |   124 ||   427
Invok: Recall Ancestor   |       |       |     2 |       ||     2
       Ancestor Identity |       |       |     1 |       ||     1
  Use: Scroll            |       |     4 |     9 |       ||    13
       Potion            |       |       |     1 |       ||     1
 Stab: Distracted        |       |       |     2 |       ||     2
       Paralysed         |       |       |       |     1 ||     1
  Eat: Chunk             |     2 |     8 |    16 |     3 ||    29
       Meat ration       |       |       |     1 |       ||     1
Armor: Scale mail        |    49 |    88 |       |       ||   137
       Chain mail        |       |   124 |   195 |    31 ||   350
Dodge: Dodged            |    37 |    91 |   112 |    19 ||   259
Block: Shield            |    62 |   148 |   219 |    39 ||   468
       Rpst.: Long sword |       |       |    30 |     4 ||    34
